 Dungeon Crawl Stone Soup version 0.28.0-45-g0d030f2227 (webtiles) character file.

Game seed: 6519753752759653445

93 Mitsuki the Conjurer (level 4, 0/24 HPs)
             Began as a Deep Elf Conjurer on Apr 5, 2022.
             Slain by an ogre
             ... wielding a +0 giant spiked club
              (24 damage)
             ... on level 3 of the Dungeon.
             The game lasted 00:02:29 (2265 turns).

Mitsuki the Conjurer (Deep Elf Conjurer)            Turns: 2265, Time: 00:02:30

Health: 0/24       AC:  2    Str:  4    XL:     4   Next: 36%
Magic:  8/12       EV: 12    Int: 25    God:
Gold:   208        SH:  0    Dex: 13    Spells: 4/11 levels left

rFire   . . .      SeeInvis .   c - +0 spear
rCold   . . .      Faith    .   (no shield)
rNeg    . . .      Spirit   .   a - +0 robe
rPois   .          Reflect  .   (no helmet)
rElec   .          Harm     .   (no cloak)
rCorr   .          Rampage  .   (no gloves)
Will    .....                   (no boots)
Stlth   ++........              (no amulet)
HPRegen 0.08/turn               (no ring)
MPRegen 0.13/turn               (no ring)

@: no status effects
A: no striking features
a: no special abilities


You were on level 3 of the Dungeon.
You visited 1 branch of the dungeon, and saw 3 of its levels.

You collected 208 gold pieces.

Inventory:

Hand Weapons
 c - a +0 spear (weapon)
Armour
 a - a +0 robe (worn)
Scrolls
 b - a scroll of holy word {unknown}
 d - 3 scrolls of identify {unknown}
 i - a scroll of enchant armour {unknown}
Potions
 e - a potion of degeneration {unknown}
 f - 3 potions of curing {unknown}
 g - a potion of lignification {unknown}
 h - a potion of might {unknown}
 j - a potion of mutation {unknown}


   Skills:
 - Level 2.4 Dodging
 - Level 2.4 Stealth
 + Level 4.3 Spellcasting
 * Level 5.9 Conjurations


You had 4 spell levels left.
You knew the following spells:

 Your Spells              Type           Power      Damage    Failure   Level
a - Magic Dart            Conj           100%       1d8       1%          1
b - Searing Ray           Conj           68%        2d6       1%          2
c - Iskenderun's Mystic   Conj/Tloc      20%        2d6       26%         4

Your spell library contained the following spells:

 Spells                   Type           Power      Damage    Failure   Level
 Dazzling Flash           Conj/Hex       40%        N/A       8%          3
 Gell's Gravitas          Tloc           5%         N/A       26%         3
 Teleport Other           Tloc           5%         N/A       26%         3
 Fulminant Prism          Conj/Hex       10%        3d9       26%         4
 Dispersal                Tloc           2%         N/A       100%        6


Dungeon Overview and Level Annotations

Branches:
Dungeon (3/15)

Altars:

Shops:
D:2 ?


Message History

Confirm with . or Enter, or press ? or * to list all spells.
The magic dart hits the hobgoblin!
You kill the hobgoblin!
You now have 11/12 mp.
No target in view!
No target in view!
d - 2 scrolls labelled UCHUEK AMIP (gained 1)
You see here a hobgoblin corpse.
Found 22 sling bullets.
MP restored: 12
d - 3 scrolls labelled UCHUEK AMIP (gained 1)
An endoplasm comes into view.
Found a leather armour.
Casting: Magic Dart (safe; 1% risk of failure)
Confirm with . or Enter, or press ? or * to list all spells.
The magic dart hits the endoplasm!
You kill the endoplasm!
You now have 11/12 mp.
No target in view!
An ogre comes into view. It is wielding a +0 giant spiked club.
MP restored: 12 The ogre barely misses you.
Casting: Magic Dart (safe; 1% risk of failure)
Confirm with . or Enter, or press ? or * to list all spells.
Aiming: Searing Ray (safe; 1% risk of failure)
Press: ? - help, Shift-Dir - straight line, f - ogre
Aim: an ogre, wielding a +0 giant spiked club (91% to hit)
The searing ray hits the ogre!
The ogre is moderately wounded. (Press . to maintain the ray.)
You now have 10/12 mp.
The searing ray hits the ogre!
The ogre is heavily wounded.
The ogre barely misses you.
You now have 9/12 mp.
The searing ray hits the ogre.
The ogre is severely wounded.
The ogre hits you with a +0 giant spiked club!!
Ouch! That really hurt!
You die...

# # # ##########
#########........#
'...........#.#..+
######.)...## ##O#
# #..#.#..# #.@#
#.##.##..##..# #
#..###[ ###..# #
##...#..##.##.# ##
#...###..#.#..# .#
#..##.##......#
.###.†.#.#..###..#
.....#.....## #.##
#.#####.#+####..#


You could see an ogre.

Vanquished Creatures
  3 adders (D:2)
  2 dart slugs (D:1)
  8 endoplasms
  5 giant cockroaches
  10 goblins
  2 hobgoblins
  7 jackals (D:1)
  2 quokkas
  3 ball pythons
  3 bats (D:2)
  2 frilled lizards
  3 kobolds (D:2)
  5 rats
55 creatures vanquished.

Notes
Turn   | Place    | Note
-------+----------+-------------------------------------------
     0 | D:1      | Mitsuki the Deep Elf Conjurer began the quest for the Orb.
     0 | D:1      | Reached XP level 1. HP: 10/10 MP: 6/6
   256 | D:1      | Reached XP level 2. HP: 15/15 MP: 1/8
   510 | D:1      | Reached skill level 5 in Conjurations
   657 | D:1      | Reached XP level 3. HP: 19/19 MP: 5/10
  1203 | D:2      | Learned a level 2 spell: Searing Ray
  1543 | D:2      | Reached XP level 4. HP: 24/24 MP: 7/12
  1636 | D:2      | Found Fodalufan's Magic Scroll Shop.
  1872 | D:2      | Learned a level 4 spell: Iskenderun's Mystic Blast
  2259 | D:3      | Noticed an ogre
  2265 | D:3      | Slain by an ogre

Illustrated notes

Levels and vault maps discovered:
D:1:      giann_horns, layout_basic
D:2:      layout_rooms, serial_shops, shop_coins, nrook_uturn
D:3:      layout_basic, mainiacjoe_overflow_small_starburst,
          chequers_serial_rivers_micro_d, minmay_between

Skill      XL: |  1  2  3 |
---------------+----------+-----
Conjurations   | 5 |  5.9
Spellcasting   | 4 |  4.3
Dodging        | |  2.4
Stealth        | |  2.4

Action                   |  1- 3 |  4- 6 || total
-------------------------+-------+-------++-------
Melee: Spear             |     8 |       ||     8
 Cast: Magic Dart        |    70 |    25 ||    95
       Searing Ray       |       |     1 ||     1
Armor: Robe              |     2 |       ||     2
Dodge: Dodged            |    11 |     2 ||    13
